AoeStats
← chekoww

Highland

504578553Analyzed
2v2 RM · 26d ago on Sep 5, 2026· 80m 55s· 4 players
Game mode
Random Map
Map size
Medium (4 player)
Population
200
Speed
Normal
Resources
Standard
Victory
Conquest
Starting age
Dark Age
Ending age
Imperial Age
RankedLock teamsTeams togetherTeam positionsShared explorationLock speedFull tech treeHidden civsTurbo modeCheats
Victory
Defeat
🇸🇪 Franks · Sweden
533
+10
🇮🇳 Portuguese · India
455
+13
🇺🇸 Britons · United States
409
-12
🇺🇸 Byzantines · United States
383
-11
chekoww
0:39 Loom
11:57 Feudal Age
12:58 Town Watch
13:25 Fishing Lines
14:42 Stone Mining
23:58 Castle Age
22:18 Arson
21:54 Man-at-Arms
22:45 Gold Mining
23:06 Fletching
23:17 Padded Archer Armor
23:44 Double-Bit Axe
24:05 Scale Mail Armor
34:45 Imperial Age
33:06 #83
34:32 Forging
35:04 Demolition Ship
35:35 Gillnets
38:51 Chemistry
38:40 Gold Shaft Mining
41:57 Conscription
41:09 Elite Skirmisher
44:59 Medium Warships
45:48 Wheelbarrow
45:46 Ballistics
49:05 Chivalry
50:51 Guard Tower
51:09 Heavy Demolition Ship
54:35 Hoardings
54:13 Caravan
55:14 Heavy Warships
55:17 Bow Saw
56:24 Crossbowman
57:32 Onager
60:20 Murder Holes
60:31 Siphons
60:36 Fortified Wall
60:12 Arrowslits
60:38 Masonry
62:34 Coinage
66:08 Banking
69:33 Pikeman
69:34 Long Swordsman
69:59 Gambesons
70:15 Squires
71:39 Iron Casting
71:19 Chain Mail Armor
71:09 Scale Barding Armor
72:01 Careening
72:47 Bodkin Arrow
72:57 Scale Barding Armor
74:33 Elite Throwing Axeman
77:47 Two-Handed Swordsman
79:19 Leather Archer Armor
78:57 Heavy Scorpion
aamerhussain.hr
0:33 Loom
11:58 Feudal Age
12:38 Town Watch
12:39 Horse Collar
12:52 Double-Bit Axe
20:56 Bloodlines
22:17 Gold Mining
22:22 Stone Mining
28:31 Castle Age
34:28 Husbandry
37:41 Wheelbarrow
37:07 Town Patrol
37:53 Bow Saw
37:47 Heavy Plow
43:10 Imperial Age
40:58 Hand Cart
42:58 Caravan
43:29 Coinage
45:20 Two-Man Saw
44:53 Crop Rotation
45:47 Banking
45:28 Guilds
48:24 Elite Caravel
52:55 Chemistry
54:02 Bombard Tower
53:33 Heated Shot
53:54 Fortified Wall
55:47 Scale Mail Armor
55:48 Padded Archer Armor
55:53 Scale Barding Armor
55:39 Fletching
56:01 Forging
56:00 Siphons
55:45 Guard Tower
56:16 Ballistics
55:37 Treadmill Crane
56:08 Masonry
56:04 Siege Engineers
55:55 Murder Holes
55:59 Cavalier
56:03 Elite Organ Gun
62:43 Chain Mail Armor
62:44 Leather Archer Armor
62:25 Bodkin Arrow
63:06 Iron Casting
63:08 Architecture
63:15 Keep
62:51 Clinker Construction
62:51 Careening
66:43 Ring Archer Armor
66:34 Chain Barding Armor
66:45 Plate Mail Armor
67:16 Blast Furnace
66:17 Bracer
66:39 Carvel Hull
66:40 Dry Dock
73:45 Plate Barding Armor
sarabian032
0:46 Loom
11:57 Feudal Age
14:13 Horse Collar
19:08 Wheelbarrow
22:27 Castle Age
24:47 Medium Warships
26:10 Double-Bit Axe
29:13 Imperial Age
29:44 Hand Cart
31:30 Conscription
32:59 Chemistry
33:48 Heavy Warships
37:17 Bow Saw
37:09 Heavy Plow
38:47 Capped Ram
42:44 Siege Ram
54:59 Demolition Ship
57:30 Heavy Demolition Ship
61:58 Elite Cataphract
70:46 Elite Skirmisher
overtona278
1:13 Loom
11:21 Feudal Age
13:05 Wheelbarrow
21:16 Castle Age
25:44 Padded Archer Armor
25:34 Fletching
26:57 Man-at-Arms
27:34 Gambesons
27:51 Squires
28:18 Leather Archer Armor
28:00 Long Swordsman
28:28 Gambesons
28:53 Scale Mail Armor
29:41 Town Watch
34:18 Squires
43:43 Imperial Age
42:01 Yeomen
43:53 Chain Mail Armor
43:50 Forging
43:37 Bodkin Arrow
44:15 Two-Handed Swordsman
44:48 Elite Longbowman
45:50 Hand Cart
46:03 Hand Cart
47:22 Champion
49:44 Warwolf
53:23 Ring Archer Armor
53:33 Plate Mail Armor
58:49 Bodkin Arrow
61:43 Bracer
61:55 Forging
67:35 Medium Warships
Connection lost

Rejoining the realm…

Still unreachable

The connection could not be restored.

Session expired

The server has moved on; the page needs a fresh start.